 Dungeon Crawl Stone Soup version 0.23-a0-290-g290e36d (webtiles) character file.

95 digijack the Stinger (level 4, -1/27 HPs)
             Began as an Octopode Venom Mage on Oct 3, 2018.
             Slain by a jackal (2 damage)
             ... on level 1 of the Dungeon.
             The game lasted 00:11:37 (1908 turns).

digijack the Stinger (Octopode Venom Mage)          Turns: 1908, Time: 00:11:37

Health: -1/27      AC:  1    Str:  7    XL:     4   Next: 66%
Magic:  0/7        EV: 14    Int: 18    God:
Gold:   42         SH:  0    Dex: 12    Spells: 3/7 levels left

rFire    . . .     SeeInvis .   a - +1 short sword
rCold    . . .     Gourm    .   (no shield)
rNeg     . . .     Faith    +   (helmet restricted)
rPois    .         Spirit   .   i - amulet of faith
rElec    .         Reflect  .   (no ring)
rCorr    .         Harm     .   (no ring)
MR       .....                  (no ring)
Stlth    +++.......             (no ring)
HPRegen  0.09/turn              (no ring)
MPRegen  0.10/turn              (no ring)
                                (no ring)
                                (no ring)

@: no status effects
A: almost no armour, stealthy swim, amphibious, 8 rings, constrict 8, camouflage
1, gelatinous body 1
a: no special abilities


You were on level 1 of the Dungeon.
You were not hungry.

You visited 1 branch of the dungeon, and saw 2 of its levels.

You collected 42 gold pieces.

Inventory:

Hand Weapons
 a - a +1 short sword (weapon)
Missiles
 c - 54 stones (quivered)
Jewellery
 i - an amulet of faith (around mantle)
Potions
 d - a potion of magic
 e - a potion of curing
 f - a potion of might {unknown}
 g - a potion of heal wounds {unknown}
Comestibles
 b - 5 rations
 h - 2 chunks of flesh


   Skills:
 + Level 2.7 Dodging
 + Level 3.6 Stealth
 + Level 2.4 Spellcasting
 + Level 2.0 Conjurations
 * Level 0.8 Air Magic
 + Level 4.2 Poison Magic


You had 3 spell levels left.
You knew the following spells:

 Your Spells              Type           Power        Failure   Level  Hunger
a - Sting                 Conj/Pois      ##..         4%          1    #......
b - Mephitic Cloud        Conj/Pois/Air  ##......     21%         3    ###....

Your spell library contained the following spells:

 Spells                   Type           Power        Failure   Level  Hunger
 Poisonous Vapours        Pois/Air       ##....       10%         2    ##.....
 Olgreb's Toxic Radiance  Pois           ###.....     30%         4    #####..
 Venom Bolt               Conj/Pois      ##........   78%         5    ######.


Dungeon Overview and Level Annotations

Branches:
Dungeon (2/15)

Altars:
Dithmenos
Gozag
Makhleb
Vehumet
The Shining One

Annotations:
D:2 Terence


Innate Abilities, Weirdness & Mutations

You cannot wear most types of armour.
You are very stealthy in the water. (Stealth+)
You are amphibious.
You can wear up to eight rings at the same time.
You can use your tentacles to constrict eight enemies at once.
Your skin changes colour to match your surroundings (Stealth+).
Your rubbery body absorbs attacks. (AC +1, EV +1)


Message History

Found a stone staircase leading up.
The jackal misses you. The adder closely misses you.
The leopard gecko bites you.
* * * LOW HITPOINT WARNING * * *
Found 13 gold pieces.
The adder bites you.
* * * LOW HITPOINT WARNING * * *
Found a stone staircase leading down.
There is a stone staircase leading up here.
The jackal misses you. The jackal bites you.
* * * LOW HITPOINT WARNING * * *
You climb upwards.
There is a stone staircase leading down here.
Casting: Sting (safe; 4% risk of failure)
Confirm with . or Enter, or press ? or * to list all spells.
Aiming: Sting (safe; 4% risk of failure)
Press: ? - help, Shift-Dir - straight line, f - jackal
Aim: a jackal The sting hits the jackal.
The jackal appears unharmed.
The jackal bites you.
You die...

.#.# #.............#
.#.# #.............#
.#.# #.............#
.#.# #.............#
.#.# #.............#
...# ##'###........#
...# #.# #........#
#..######.######h#####
.........)......@#
##..#####.##.###.#
###.# #.##.# #.#
...)## #.##.# #.#
.....# #....# #.#
.....## #....# #.#
############ ####..#
#....# #.#
#..........#
##.######.#
#=####.#######.##
#..#...#.# #...).....#
#)#


You could see a jackal.

Vanquished Creatures
  3 gnolls (D:2)
  An adder (D:2)
  A dart slug (D:1)
  2 leopard geckos
  2 ball pythons (D:2)
  5 bats
  2 giant cockroaches (D:1)
  5 goblins
  6 hobgoblins
  5 jackals (D:2)
  6 kobolds
  A quokka (D:2)
  4 frilled lizards
  8 rats
51 creatures vanquished.

Notes
Turn   | Place    | Note
-------+----------+-------------------------------------------
     0 | D:1      | digijack the Octopode Venom Mage began the quest for the
                  | Orb.
     0 | D:1      | Reached XP level 1. HP: 11/11 MP: 3/3
   227 | D:1      | Reached XP level 2. HP: 16/17 MP: 5/5
   847 | D:1      | Reached XP level 3. HP: 18/21 MP: 2/6
  1032 | D:1      | Reached skill level 4 in Poison Magic
  1441 | D:2      | Reached XP level 4. HP: 20/27 MP: 1/7
  1446 | D:2      | Learned a level 3 spell: Mephitic Cloud
  1846 | D:2      | Found a burning altar of Makhleb.
  1849 | D:2      | Found a radiant altar of Vehumet.
  1849 | D:2      | Noticed Terence
  1891 | D:2      | Found a shadowy altar of Dithmenos.
  1891 | D:2      | Found a glowing golden altar of the Shining One.
  1891 | D:2      | Found an opulent altar of Gozag.
  1906 | D:2      | HP: 1/27 [jackal (3)]
  1908 | D:1      | Slain by a jackal

Vault maps used:
D:1:      lightli_arrival_boilingwater
D:2:      grunt_temple_overflow_open, nicolae_overflow_hidden_temple,
          lemuel_crystal_altar, minmay_randomly_rotated_circles, uniq_terence,
          uniq_robin

Skill      XL: |  1  2  3  4 |
---------------+-------------+-----
Stealth        | 3 |  3.6
Poison Magic   | 4 |  4.2
Conjurations   | 2 |  2.0
Dodging        | |  2.7
Spellcasting   | |  2.4
Air Magic      | |  0.8

Action                   |  1- 3 |  4- 6 || total
-------------------------+-------+-------++-------
Melee: Short sword       |    36 |    10 ||    46
       Constrict         |     7 |     5 ||    12
       Tentacles         |     2 |     4 ||     6
Throw: Stone             |     1 |       ||     1
 Cast: Sting             |    71 |    17 ||    88
       Mephitic Cloud    |       |     1 ||     1
  Use: Scroll            |     6 |       ||     6
       Potion            |     1 |       ||     1
 Stab: Sleeping          |     2 |       ||     2
       Distracted        |     1 |       ||     1
  Eat: Chunk             |     2 |     2 ||     4
Armor: Skin              |    17 |     3 ||    20
Dodge: Dodged            |    51 |    19 ||    70

Table legend:
 A = Non-vault XP
 B = Vault XP
 C = Vault XP percentage of total XP
 D = Non-vault monster count
 E = Vault monster count
 F = Vault count percentage of total count
                 A         B        C        D         E       F
            +---------+---------+-------+---------+---------+-------
      Total |     135 |       2 |   1.5 |      50 |       1 |   2.0
            +---------+---------+-------+---------+---------+-------
        D:1 |      49 |       0 |   0.0 |      29 |       0 |   0.0
        D:2 |      86 |       2 |   2.3 |      21 |       1 |   4.5
            +---------+---------+-------+---------+---------+-------
